 Dungeon Crawl Stone Soup version 0.25.1-2-g60ff931df9 (webtiles) character file.

Game seed: 8264052788379307341

1197 Gunterle the Charlatan (level 8, -5/72 HPs)
             Began as a Deep Dwarf Monk on Oct 1, 2020.
             Slain by an ogre
             ... wielding a +0 giant club
              (26 damage)
             ... on level 4 of the Dungeon.
             The game lasted 00:30:50 (3124 turns).

Gunterle the Charlatan (Deep Dwarf Monk)            Turns: 3124, Time: 00:30:50

Health: -5/72      AC:  5    Str: 16    XL:     8   Next: 20%
Magic:  11/11      EV: 13    Int: 12    God:
Gold:   92         SH:  0    Dex: 15    Spells: 7/7 levels left

rFire    . . .     SeeInvis .   a - +1 spear
rCold    . . .     Gourm    .   (no shield)
rNeg     . . .     Faith    .   l - +0 ring mail
rPois    .         Spirit   .   (no helmet)
rElec    .         Reflect  .   r - scarf {+Inv}
rCorr    .         Harm     .   (no gloves)
MR       +....                  (no boots)
Stlth    +.........             (no amulet)
HPRegen  0.00/turn              (no ring)
MPRegen  0.12/turn              (no ring)

@: non-regenerating
A: damage resistance, heal wounds, sense surroundings 1, no regeneration
a: Heal Wounds, Evoke Invisibility


You were on level 4 of the Dungeon.
You were not hungry.

You visited 1 branch of the dungeon, and saw 6 of its levels.
You also visited: Sewer.

You collected 92 gold pieces.

Inventory:

Hand Weapons
 a - a +1 spear (weapon)
 h - a +0 war axe
 m - a +0 hand crossbow
 u - a +0 hand crossbow
Missiles
 b - 29 sling bullets
 f - 90 stones
 j - 5 poisoned darts (quivered)
 q - 50 bolts
Armour
 l - a +0 ring mail (worn)
 r - a scarf of invisibility (worn)
 v - a +0 chain mail
Jewellery
 g - an uncursed ring of resist corrosion {unknown}
Scrolls
 e - a scroll of blinking
 k - 4 scrolls of enchant weapon
 s - a scroll of teleportation
Potions
 n - 2 potions of brilliance
 o - 7 potions of curing
Comestibles
 c - 2 rations
 d - 2 chunks of flesh


   Skills:
 + Level 4.1 Fighting
 * Level 5.2 Polearms
 * Level 3.7 Crossbows
 - Level 1.5 Throwing
 + Level 3.2 Armour
 + Level 5.0 Dodging
 - Level 2.4 Stealth
 * Level 5.4 Evocations


You had 7 spell levels left.
You didn't know any spells.
Your spell library contained the following spells:

 Spells                   Type           Power        Failure   Level  Hunger
 Beastly Appendage        Tmut           #.....       52%         1    ##.....
 Sticks to Snakes         Tmut           #.......     67%         2    ###....
 Spider Form              Tmut/Pois      #.........   88%         3    ####...
 Ice Form                 Ice/Tmut       #.......     99%         4    #####..
 Blade Hands              Tmut           #.........   100%        5    ######.


Dungeon Overview and Level Annotations

Branches:
Dungeon (6/15)              Sewer (visited)
 Temple: D:4-7

Altars:
Elyvilon
Uskayaw
Yredelemnul
Zin
The Shining One

Annotations:
D:2 exclusion: adder
D:3 1 transporter
D:4 Eustachio
D:5 exclusion: centaur


Innate Abilities, Weirdness & Mutations

You are resistant to damage.
You can heal yourself by infusing magical energy.
You passively map a small area around you.
You do not regenerate.


Message History

You throw a poisoned dart. The poisoned dart hits the ogre.
The ogre looks even sicker.
The ogre is lightly wounded.
Throwing (i - inventory. (/) - cycle)
j - 6 poisoned darts (quivered)
Press: ? - help, Shift-Dir - straight line, f/p - ogre
Aim: an ogre, wielding a +0 giant club (lightly wounded, very poisoned)
You throw a poisoned dart.
The poisoned dart closely misses the ogre.
a - a +1 spear (weapon)
The ogre completely misses you.
Okay, then.
You hit the ogre.
The ogre is heavily wounded.
You barely miss the ogre.
The ogre is heavily wounded.
The ogre looks more healthy.
The ogre closely misses you.
You barely miss the ogre.
The ogre is heavily wounded.
The ogre hits you with a +0 giant club!!
You die...

..##..##....(#...
##.....##.##..#...
###.....# #.##.....#
##..[...####.##..#..#
###.......##.......##.#
#.<......###........>..
#................#.##.#
#.........##.......#..#
##.##.@.[.......>....##
#####.O..........##.##
#...............#.#.
##..................
##.................
##................ *
.............##.....
####..#............. ,
#..###...........


You could see an ogre.

Vanquished Creatures
  A phantom (D:4)
  2 centaurs (D:6)
  An ogre (D:4)
  A big kobold (Sewer)
  A bullfrog (D:5)
  A scorpion (D:4)
  A crimson imp (D:5)
  2 hounds
  4 orc wizards
  5 orc priests
  An iguana (D:5)
  Ijyb (D:3)
  3 worker ants
  A hound skeleton (D:4)
  A worker ant zombie (D:5)
  4 adders
  5 river rats (Sewer)
  2 oozes
  A dart slug (D:3)
  6 leopard geckos (D:3)
  13 orcs
  5 ball pythons (Sewer)
  2 bats
  7 giant cockroaches
  2 gnoll zombies (D:5)
  2 hobgoblins
  19 kobolds
  3 frilled lizards
  3 goblins
  20 rats
120 creatures vanquished.

Notes
Turn   | Place    | Note
-------+----------+-------------------------------------------
     0 | D:1      | Gunterle the Deep Dwarf Monk began the quest for the Orb.
     0 | D:1      | Reached XP level 1. HP: 20/20 MP: 1/1
   352 | D:2      | Reached XP level 2. HP: 21/27 MP: 2/2
   538 | D:4      | Noticed a phantom
   559 | D:3      | Noticed Ijyb
   649 | D:4      | Noticed a scorpion
   651 | D:4      | Killed a scorpion
   651 | D:4      | Reached skill level 1 in Throwing
   651 | D:4      | Reached skill level 1 in Armour
   651 | D:4      | Reached skill level 1 in Evocations
   651 | D:4      | Reached XP level 3. HP: 25/34 MP: 3/3
   651 | D:4      | Reached XP level 4. HP: 32/42 MP: 4/4
   691 | D:3      | Found a hide-covered altar of Uskayaw.
   732 | D:3      | Found a glowing drain.
   754 | Sewer    | Entered a sewer
  1047 | Sewer    | Reached XP level 5. HP: 16/49 MP: 6/6
  1587 | D:3      | Found a transporter.
  1592 | D:3      | Reached XP level 6. HP: 36/56 MP: 6/8
  1772 | D:4      | Reached skill level 1 in Crossbows
  1849 | D:3      | Killed Ijyb
  1988 | D:5      | Entered Level 5 of the Dungeon
  2103 | D:4      | Reached XP level 7. HP: 20/63 MP: 8/8
  2351 | D:4      | Noticed Eustachio
  2748 | D:6      | Reached skill level 5 in Polearms
  2748 | D:6      | Reached skill level 5 in Evocations
  2759 | D:6      | Reached XP level 8. HP: 9/72 MP: 10/10
  2930 | D:5      | Found a basalt altar of Yredelemnul.
  2967 | D:4      | Reached skill level 5 in Dodging
  3106 | D:4      | Found a white marble altar of Elyvilon.
  3106 | D:4      | Found a glowing silver altar of Zin.
  3107 | D:4      | Found a glowing golden altar of the Shining One.
  3124 | D:4      | Slain by an ogre

Illustrated notes

Levels and vault maps discovered:
D:1:      dpeg_arrival_brainrot, layout_basic, minmay_bisected
D:2:      layout_basic, minmay_worlds_worst_comb, uniq_robin
D:3:      layout_loops_ring, lemuel_crystal_altar,
          gammafunk_ghost_abyssal_escape, gup_sewer_entry_pipe,
          trog_eyes_of_draining, uniq_terence, uniq_ijyb, uniq_sigmund
D:4:      layout_cave_pools, good_gods_mini_temple, tgw_kikubaaqudgha,
          uniq_eustachio
D:5:      layout_gridville, lemuel_zombie_altar_yredelemnul, first_ration
D:6:      layout_rooms

Skill      XL: |  1  2  3  4  5  6  7  8 |
---------------+-------------------------+-----
Polearms       | 3 4 5 |  5.2
Fighting       | 3 4 |  4.1
Throwing       | 1 |  1.5
Armour         | 1 2 3 |  3.2
Evocations     | 1 2 3 5 |  5.4
Dodging        | 4 5 |  5.0
Crossbows      | 2 3 |  3.7
Stealth        | |  2.4

Action                   |  1- 3 |  4- 6 |  7- 9 || total
-------------------------+-------+-------+-------++-------
Melee: Spear             |    64 |   144 |   125 ||   333
 Fire: Hand crossbow     |       |    26 |    46 ||    72
Throw: Stone             |    23 |    65 |       ||    88
       Dart              |       |    39 |    11 ||    50
 Abil: Heal Wounds       |       |     3 |     6 ||     9
       Evoke Invisibilit |       |     1 |       ||     1
Evoke: Wand              |       |    32 |    10 ||    42
  Use: Scroll            |     4 |     3 |     2 ||     9
       Potion            |     1 |     2 |     6 ||     9
 Stab: Sleeping          |     4 |       |       ||     4
       Invisible         |       |     2 |       ||     2
  Eat: Chunk             |       |     4 |     4 ||     8
Armor: Leather armour    |     6 |    15 |       ||    21
       Robe              |     1 |       |       ||     1
       Ring mail         |       |       |    39 ||    39
Dodge: Dodged            |    33 |    84 |   112 ||   229
